 Dungeon Crawl Stone Soup version 0.26.1-2-gb8aa6d0 (webtiles) character file.

Game seed: 6897355901914712529

73 Nithhogg the Covered (level 4, 0/38 HPs)
             Began as a Barachi Fighter on Mar 31, 2021.
             Succumbed to a kobold's poison
             ... on level 2 of the Dungeon.
             The game lasted 00:03:11 (1531 turns).

Nithhogg the Covered (Barachi Fighter)              Turns: 1531, Time: 00:03:11

Health: 0/38       AC:  7    Str: 18    XL:     4   Next: 27%
Magic:  4/4        EV:  8    Int:  8    God:
Gold:   87         SH:  9    Dex: 12    Spells: 3/3 levels left

rFire    + . .     SeeInvis .   a - +0 war axe
rCold    + . .     Faith    .   c - +0 kite shield
rNeg     . . .     Spirit   .   b - +0 scale mail
rPois    +         Reflect  .   (no helmet)
rElec    +         Harm     .   (no cloak)
rCorr    +         Rampage  .   (no gloves)
Will     .....                  (no boots)
Stlth    ..........             (no amulet)
HPRegen  0.12/turn              (no ring)
MPRegen  0.09/turn              (no ring)

@: lethally poisoned (0 -> -8), resistant, slow
A: +LOS, swims, slowness 1, strong legs 1
a: Hop


You were on level 2 of the Dungeon.
You visited 1 branch of the dungeon, and saw 2 of its levels.

You collected 87 gold pieces.

Inventory:

Hand Weapons
 a - a +0 war axe (weapon)
Armour
 b - a +0 scale mail (worn)
 c - a +0 kite shield (worn)
Scrolls
 f - 2 scrolls of remove curse
 g - 4 scrolls of identify
Potions
 d - a potion of might


   Skills:
 + Level 4.3 Fighting
 + Level 3.1 Axes
 + Level 4.3 Armour
 + Level 1.7 Dodging
 - Level 3.2 Shields


You had 3 spell levels left.
You didn't know any spells.
Your spell library was empty.

Dungeon Overview and Level Annotations

Branches:
Dungeon (2/15)

Altars:


Innate Abilities, Weirdness & Mutations

You can be seen from farther away. (+LOS)
You can swim through water.
You cover ground slowly.
You can hop short distances.


Message History

There is a lethal amount of poison in your body!
There is a lethal amount of poison in your body!
There is a lethal amount of poison in your body!
There is a lethal amount of poison in your body!
There is a lethal amount of poison in your body!
There is a lethal amount of poison in your body!
There is a lethal amount of poison in your body!
There is a lethal amount of poison in your body!
There is a lethal amount of poison in your body!
There is a lethal amount of poison in your body!
There is a lethal amount of poison in your body!
There is a lethal amount of poison in your body!
There is a lethal amount of poison in your body!
There is a lethal amount of poison in your body!
There is a lethal amount of poison in your body!
There is a lethal amount of poison in your body!
There is a lethal amount of poison in your body!
There is a lethal amount of poison in your body!
There is a lethal amount of poison in your body!
You die...

#.# .# ##'## #.#
#. #.# #.# # ###
######.# #. #..
...##.## . # #.#
#.#...## #
#.#.######...§§§#
#.#.##...#.#§§§##
#..........##§##
#@.....).##.#####.
#........(.(......
#........##.######
###.....###.#
##...## #.# #####
#.# #.# ..# ...


There were no monsters in sight!

Vanquished Creatures
  3 gnolls (D:2)
  An adder (D:2)
  2 oozes
  A dart slug (D:2)
  A leopard gecko (D:2)
  A ball python (D:1)
  2 giant cockroaches
  3 goblins (D:1)
  3 hobgoblins (D:1)
  4 bats (D:1)
  A frilled lizard (D:1)
  2 kobolds
  2 rats
26 creatures vanquished.

Notes
Turn   | Place    | Note
-------+----------+-------------------------------------------
     0 | D:1      | Nithhogg the Barachi Fighter began the quest for the Orb.
     0 | D:1      | Reached XP level 1. HP: 18/18 MP: 1/1
   329 | D:1      | Reached XP level 2. HP: 25/25 MP: 2/2
   475 | D:1      | Reached skill level 1 in Dodging
  1112 | D:2      | Reached XP level 3. HP: 18/30 MP: 3/3
  1323 | D:2      | Reached XP level 4. HP: 26/37 MP: 4/4
  1529 | D:2      | HP: 1/38 [poisoned by a kobold]
  1531 | D:2      | Succumbed to a kobold's poison

Illustrated notes

Levels and vault maps discovered:
D:1:      lightli_arrival_chessboard, layout_basic
D:2:      layout_loops_corners

Skill      XL: |  1  2  3 |
---------------+----------+-----
Dodging        | 1 |  1.7
Armour         | 4 |  4.3
Fighting       | 4 |  4.3
Axes           | 3 |  3.1
Shields        | |  3.2

Action                   |  1- 3 |  4- 6 || total
-------------------------+-------+-------++-------
Melee: War axe           |    67 |    19 ||    86
  Use: Scroll            |       |     3 ||     3
       Potion            |       |     1 ||     1
Armor: Scale mail        |    47 |     4 ||    51
Dodge: Dodged            |    27 |     4 ||    31
Block: Kite shield       |    45 |    12 ||    57
